 Dungeon Crawl Stone Soup version 0.21.1-1-g345015f (webtiles) character file.

469 batai666 the Digger (level 7, 0/55 HPs)
             Began as a Gargoyle Earth Elementalist on Feb 27, 2018.
             Slain by a mummy (10 damage)
             ... in an ossuary on Feb 28, 2018.
             The game lasted 00:23:54 (4855 turns).

batai666 the Digger (Gargoyle Earth Elementalist)   Turns: 4855, Time: 00:23:55

Health: 0/55       AC: 23    Str: 10 (11) XL:     7   Next: 9%
Magic:  13/13      EV:  2    Int: 18      God:
Gold:   181        SH:  5    Dex: 10      Spells: 5/14 levels left

rFire    . . .     SeeInvis .   o - +0 short sword (drain)
rCold    . . .     Gourm    .   p - +2 buckler
rNeg     + + +     Faith    .   (armour currently unavailable)
rPois    ∞         Spirit   .   (helmet currently unavailable)
rElec    .         Reflect  .   (cloak currently unavailable)
rCorr    .         Harm     .   (gloves currently unavailable)
MR       .....     NoTele   +   (boots currently unavailable)
Stlth    ++........             f - amulet of rage
HPRegen  0.18/turn              (no ring)
MPRegen  0.13/turn              (no ring)

@: tree-form
A: negative energy resistance 1, petrification resistance, rot immunity, AC +4
a: Evoke Berserk Rage


You were in an ossuary.
You were hungry.
You were a tree.
You visited 2 branches of the dungeon, and saw 6 of its levels.
You also visited: Ossuary.

You collected 181 gold pieces.

Inventory:

Hand Weapons
 h - a +0 whip
 o - a +0 short sword of draining (weapon)
Armour
 a - a +0 helmet (melded)
 b - a +0 cloak (melded)
 c - a +0 robe (melded)
 k - a +0 pair of boots (melded)
 p - a +2 buckler (worn)
Jewellery
 f - an amulet of rage (around neck)
Scrolls
 g - 5 scrolls of remove curse
 l - a scroll of enchant armour
 n - a scroll of enchant weapon
 s - 3 scrolls of identify
 t - a scroll of immolation {unknown}
Potions
 m - a potion of ambrosia
 r - a potion of resistance {unknown}
Books
 e - a book of Geomancy

   Spells                             Type                      Level
   a - Sandblast                      Earth                        1
   b - Passwall                       Transmutation/Earth          2
   c - Stone Arrow                    Conjuration/Earth            3
   d - Petrify                        Transmutation/Earth          4
   e - Lee's Rapid Deconstruction     Earth                        5


   Skills:
 + Level 0.5 Fighting
 + Level 0.3 Maces & Flails
 + Level 0.6 Armour
 + Level 1.8 Dodging
 - Level 2.1 Stealth
 + Level 4.2 Spellcasting
 + Level 3.5 Conjurations
   Level 0.7 Transmutations
 + Level 6.2 Earth Magic
 + Level 0.3 Evocations


You had 5 spell levels left.
You knew the following spells:

 Your Spells              Type           Power        Failure   Level  Hunger
a - Sandblast             Erth           ####..       1%          1    None
b - Stone Arrow           Conj/Erth      ###...       10%         3    ###....
c - Lee's Rapid Deconstr  Erth           ####......   45%         5    ######.


Dungeon Overview and Level Annotations

Branches:
Dungeon (5/15)             Temple (1/1) D:4

Altars:
Ashenzari
Cheibriados
Gozag
Hepliaklqana
Kikubaaqudgha
Nemelex Xobeh
Okawaru
Qazlal
Ru
Sif Muna
Wu Jian
Xom
Zin
The Shining One


Innate Abilities, Weirdness & Mutations

You are resistant to torment.
((Your stone body is resilient. (AC +4)))
You are immune to poison.
You resist negative energy. (rN+)
((You are resistant to electric shocks. (rElec)))
((You can survive without breathing.))
You are immune to petrification.
You are immune to rotting.


Message History

You closely miss the big kobold zombie.
The big kobold zombie is lightly damaged.
The orc zombie barely misses you.
The goblin zombie hits you but does no damage.
The big kobold zombie completely misses you.
The mummy hits you!
* * * LOW HITPOINT WARNING * * *
You block the elf zombie's attack.
You hit the big kobold zombie.
The big kobold zombie is moderately damaged.
The orc zombie hits you but does no damage.
The goblin zombie hits you but does no damage.
The big kobold zombie hits you.
* * * LOW HITPOINT WARNING * * *
Unknown command.
You hit the big kobold zombie.
The big kobold zombie is moderately damaged.
The elf zombie hits you but does no damage.
You block the orc zombie's attack. The mummy hits you!
You die...

##.........##
...........
##.........##
#...........#
##.........##
#...........#
##...MZZ...##
#.....♣.....#
#####Z.Z#####
#...# ##...##
##.....##
#...∩...#
#.......#
#...∩...#
##.....##


You could see a mummy, a goblin zombie, a big kobold zombie, an orc zombie and
an elf zombie.

Vanquished Creatures
  The ghost of batai666 the Digger, an amateur GrEE (D:3)
  A howler monkey (D:3)
  A centaur zombie (Ossuary)
  A centaur skeleton (D:4)
  2 iguanas (D:4)
  2 worker ants
  Robin (D:2)
  10 adders
  2 oozes
  4 worms
  3 leopard geckos
  An orc (D:3)
  5 giant cockroaches
  A gnoll zombie (Ossuary)
  16 goblins
  7 hobgoblins
  A quokka (D:3)
  A ball python (D:2)
  11 bats
  6 frilled lizards
  A goblin zombie (Ossuary)
  14 kobolds
  5 rats
97 creatures vanquished.

Notes
Turn   | Place    | Note
-------+----------+-------------------------------------------
     0 | D:1      | batai666 the Gargoyle Earth Elementalist began the quest for the Orb.
     0 | D:1      | Reached XP level 1. HP: 10/10 MP: 3/3
   509 | D:1      | Reached XP level 2. HP: 15/15 MP: 3/5
   582 | D:1      | Reached skill level 4 in Earth Magic
  1392 | D:2      | Reached XP level 3. HP: 19/19 MP: 2/7
  1397 | D:2      | Learned a level 3 spell: Stone Arrow
  1592 | D:2      | Noticed Robin
  1624 | D:2      | Reached XP level 4. HP: 22/24 MP: 5/8
  1626 | D:2      | Reached skill level 1 in Conjurations
  1707 | D:2      | Killed Robin
  2060 | D:2      | Found a faded altar of an unknown god.
  2088 | D:2      | Reached skill level 5 in Earth Magic
  2227 | D:2      | Reached XP level 5. HP: 23/28 MP: 6/9
  2872 | D:4      | Reached XP level 6. HP: 29/32 MP: 8/11
  2879 | D:4      | Learned a level 5 spell: Lee's Rapid Deconstruction
  2977 | D:4      | Found a staircase to the Ecumenical Temple.
  2986 | Temple   | Entered the Ecumenical Temple
  3618 | D:3      | Noticed batai666's ghost (amateur GrEE)
  3645 | D:3      | Killed batai666's ghost
  3645 | D:3      | Reached skill level 6 in Earth Magic
  4758 | D:5      | Entered Level 5 of the Dungeon
  4819 | D:5      | Reached XP level 7. HP: 36/37 MP: 13/13
  4820 | D:5      | Found a sand-covered staircase.
  4825 | Ossuary  | Entered an ossuary
  4855 | Ossuary  | Slain by a mummy

Skill      XL: |  1  2  3  4  5  6 |
---------------+-------------------+-----
Earth Magic    | 4 5 6 |  6.2
Spellcasting   | 3 4 |  4.2
Conjurations   | 1 2 3 |  3.5
Fighting       | |  0.5
Maces & Flails | |  0.3
Armour         | |  0.6
Dodging        | |  1.8
Stealth        | |  2.1
Transmutations | |  0.7
Evocations     | |  0.3

Action                   |  1- 3 |  4- 6 |  7- 9 || total
-------------------------+-------+-------+-------++-------
Melee: Unarmed           |   106 |    46 |       ||   152
       Club              |       |    13 |       ||    13
       Whip              |       |    42 |       ||    42
       Short sword       |       |    82 |    22 ||   104
       Dagger            |       |     4 |       ||     4
 Cast: Sandblast         |    28 |    73 |     2 ||   103
       Stone Arrow       |       |     5 |       ||     5
       Lee's Rapid Decon |       |     3 |       ||     3
  Use: Scroll            |     2 |     7 |       ||     9
       Potion            |       |     1 |     1 ||     2
 Stab: Sleeping          |     1 |     1 |       ||     2
       Distracted        |       |     1 |       ||     1
  Eat: Chunk             |     1 |     3 |       ||     4
       Ration            |     1 |     2 |       ||     3
Armor: Robe              |    42 |    87 |     5 ||   134
       Skin              |       |       |    47 ||    47
Dodge: Dodged            |    89 |   176 |    22 ||   287
Block: Buckler           |       |     8 |    13 ||    21
